PAA
YAKIMA HOPS @ SALEM MISFITS
08/17/2026
 
TOP OF THE 1ST
Yakima Hops batting - Pitching for Salem Misfits : RHP Marv Bradford
Pitching: RHP Marv Bradford
Batting: RHB Reginald Kalkman 0-0: Foul Ball, location: 2F
0-1: Ball
1-1: Bunt for hit - play at first, batter safe!
Batting: LHB Bob Maher 0-0: Ball
1-0: Ball
2-0: Called Strike
2-1: Foul Ball, location: 2F
2-2: Fly out, F2 (Popup, 15S)
Batting: SHB Joaquín Reyes 0-0: Swinging Strike
0-1: Ball
1-1: Ball
2-1: Swinging Strike
2-2: Ball
Reginald Kalkman steals 2nd base
3-2: Fly out, F8 (Flyball, 8RS)
Batting: RHB Diego Rodríguez 0-0: Called Strike
0-1: Foul Ball, location: 2F
0-2: Foul Ball, location: 2F
0-2: Ball
1-2: Strikes out looking
Top of the 1st over - 0 run(s), 1 hit(s), 0 error(s), 1 left on base; Yakima 0 - Salem 0
BOTTOM OF THE 1ST
Salem Misfits batting - Pitching for Yakima Hops : LHP Emílio Mavarro
Pitching: LHP Emílio Mavarro
Batting: RHB Santiago Mosca 0-0: Called Strike
0-1: Foul Ball, location: 2F
0-2: Ball
1-2: SINGLE (Groundball, 34D)
Batting: RHB Gonzalo Ángel 0-0: Ball
1-0: Foul Ball, location: 2F
1-1: Foul Ball, location: 2F
1-2: Foul Ball, location: 2F
1-2: Ball
2-2: Foul Ball, location: 2F
2-2: 2-RUN HOME RUN (Flyball, 7LD), Distance : 362 ft
Batting: LHB David Breitling 0-0: Called Strike
0-1: Fly out, F9 (Flyball, 9S)
Batting: LHB Ignacio Medine 0-0: Foul Ball, location: 2F
0-1: Foul Ball, location: 2F
0-2: Foul Ball, location: 2F
0-2: Foul Ball, location: 2F
0-2: Strikes out swinging
Batting: LHB Brent van Schoonhoven 0-0: Called Strike
0-1: Called Strike
0-2: Strikes out swinging
Bottom of the 1st over - 2 run(s), 2 hit(s), 0 error(s), 0 left on base; Yakima 0 - Salem 2
TOP OF THE 2ND
Yakima Hops batting - Pitching for Salem Misfits : RHP Marv Bradford
Batting: LHB Enrique Vásquez 0-0: Ball
1-0: Called Strike
1-1: Ball
2-1: Swinging Strike
2-2: Ball
3-2: Foul Ball, location: 2F
3-2: Strikes out swinging
Batting: RHB Lenny Roper 0-0: Ball
1-0: Ball
2-0: Called Strike
2-1: Called Strike
2-2: Ball
3-2: Foul Ball, location: 2F
3-2: Strikes out swinging
Batting: RHB Jack Head 0-0: Foul Ball, location: 2F
0-1: Called Strike
0-2: Strikes out looking
Top of the 2nd over - 0 run(s), 0 hit(s), 0 error(s), 0 left on base; Yakima 0 - Salem 2
BOTTOM OF THE 2ND
Salem Misfits batting - Pitching for Yakima Hops : LHP Emílio Mavarro
Batting: LHB Jorge García 0-0: Fly out, F9 (Flyball, 9S)
Batting: RHB Ramón Ávila 0-0: Fly out, F9 (Flyball, 9S)
Batting: RHB Jorge Ramos 0-0: Called Strike
0-1: Foul Ball, location: 2F
0-2: Ball
1-2: Strikes out looking
Bottom of the 2nd over - 0 run(s), 0 hit(s), 0 error(s), 0 left on base; Yakima 0 - Salem 2
TOP OF THE 3RD
Yakima Hops batting - Pitching for Salem Misfits : RHP Marv Bradford
Batting: RHB Manuel Martínez 0-0: Ball
1-0: Called Strike
1-1: Swinging Strike
1-2: Foul Ball, location: 2F
1-2: Strikes out looking
Batting: SHB Domingo Luna 0-0: Called Strike
0-1: Foul Ball, location: 2F
0-2: Foul Ball, location: 2F
0-2: Ball
1-2: Ball
2-2: Ball
3-2: Strikes out swinging
Batting: RHB Reginald Kalkman 0-0: Swinging Strike
0-1: Ball
1-1: Foul Ball, location: 2F
1-2: Ball
2-2: Ground out 3-1 (Groundball, 34)
Top of the 3rd over - 0 run(s), 0 hit(s), 0 error(s), 0 left on base; Yakima 0 - Salem 2
BOTTOM OF THE 3RD
Salem Misfits batting - Pitching for Yakima Hops : LHP Emílio Mavarro
Batting: RHB Jim Unknown 0-0: Swinging Strike
0-1: Ball
1-1: Ball
2-1: Ball
3-1: Ground out 6-3 (Groundball, 56)
Batting: RHB Santiago Mosca 0-0: Called Strike
0-1: Ball
1-1: Ball
2-1: Ball
3-1: Foul Ball, location: 2F
3-2: Base on Balls
Batting: RHB Gonzalo Ángel 0-0: Swinging Strike
0-1: Foul Ball, location: 2F
0-2: Foul Ball, location: 2F
0-2: Ball
1-2: Ball
2-2: Ball
3-2: Base on Balls
Santiago Mosca to second
Batting: LHB David Breitling 0-0: Ball
Santiago Mosca is caught stealing 3rd base
Gonzalo Ángel to second
1-0: Called Strike
1-1: Foul Ball, location: 2F
1-2: Fly out, F8 (Flyball, 78M)
Bottom of the 3rd over - 0 run(s), 0 hit(s), 0 error(s), 1 left on base; Yakima 0 - Salem 2
TOP OF THE 4TH
Yakima Hops batting - Pitching for Salem Misfits : RHP Marv Bradford
Batting: LHB Bob Maher 0-0: DOUBLE (Line Drive, 89M)
Batting: SHB Joaquín Reyes 0-0: Swinging Strike
0-1: Foul Ball, location: 2F
0-2: Strikes out swinging
Batting: RHB Diego Rodríguez 0-0: Foul Ball, location: 2F
0-1: Ball
1-1: Ground out 6-3 (Groundball, 6)
Batting: LHB Enrique Vásquez 0-0: Ball
1-0: Ball
2-0: Ball
3-0: Base on Balls
Batting: RHB Lenny Roper 0-0: Called Strike
0-1: Called Strike
0-2: Ball
1-2: Strikes out swinging
Top of the 4th over - 0 run(s), 1 hit(s), 0 error(s), 2 left on base; Yakima 0 - Salem 2
BOTTOM OF THE 4TH
Salem Misfits batting - Pitching for Yakima Hops : LHP Emílio Mavarro
Batting: LHB Ignacio Medine 0-0: Called Strike
0-1: Foul Ball, location: 2F
0-2: Strikes out swinging
Batting: LHB Brent van Schoonhoven 0-0: Called Strike
0-1: Foul Ball, location: 2F
0-2: Ball
1-2: Foul Ball, location: 2F
1-2: Strikes out swinging
Batting: LHB Jorge García 0-0: Ball
1-0: Foul Ball, location: 2F
1-1: Foul Ball, location: 2F
1-2: Ball
2-2: Strikes out swinging
Bottom of the 4th over - 0 run(s), 0 hit(s), 0 error(s), 0 left on base; Yakima 0 - Salem 2
TOP OF THE 5TH
Yakima Hops batting - Pitching for Salem Misfits : RHP Marv Bradford
Batting: RHB Jack Head 0-0: Ball
1-0: Ball
2-0: Ball
3-0: Base on Balls
Batting: RHB Manuel Martínez 0-0: Ball
1-0: Sac Bunt - play at first, batter OUT! 2-3
Jack Head to second
Batting: SHB Domingo Luna 0-0: Ball
1-0: Foul Ball, location: 2F
1-1: Ball
2-1: Fly out, F8 (Flyball, 8LD)
Batting: RHB Reginald Kalkman 0-0: Called Strike
0-1: Foul Ball, location: 2F
0-2: Foul Ball, location: 2F
0-2: SINGLE (Line Drive, 4D)
Jack Head to third
Runner from 3rd tries for Home, SAFE, no throw
Batting: LHB Bob Maher 0-0: Ball
1-0: Called Strike
1-1: Ball
2-1: Foul Ball, location: 2F
2-2: Ball
3-2: Strikes out swinging
Top of the 5th over - 1 run(s), 1 hit(s), 0 error(s), 1 left on base; Yakima 1 - Salem 2
BOTTOM OF THE 5TH
Salem Misfits batting - Pitching for Yakima Hops : LHP Emílio Mavarro
Batting: RHB Ramón Ávila 0-0: Ball
1-0: Called Strike
1-1: Ball
2-1: SINGLE (Line Drive, 4MD)
Batting: RHB Jorge Ramos 0-0: Sac Bunt - play at second, runner OUT! 1-6
Batting: RHB Jim Unknown 0-0: Ball
1-0: Called Strike
1-1: Ball
2-1: Grounds into double play, 6-4-3 (Groundball, 6M)
Bottom of the 5th over - 0 run(s), 1 hit(s), 0 error(s), 0 left on base; Yakima 1 - Salem 2
TOP OF THE 6TH
Yakima Hops batting - Pitching for Salem Misfits : RHP Marv Bradford
Batting: SHB Joaquín Reyes 0-0: Foul Ball, location: 2F
0-1: Ball
1-1: Ball
2-1: Ball
3-1: Ground out 6-3 (Groundball, 6)
Batting: RHB Diego Rodríguez 0-0: Called Strike
0-1: Ball
1-1: Ball
2-1: SINGLE (Line Drive, 7LS)
Batting: LHB Enrique Vásquez 0-0: Called Strike
0-1: Ball
1-1: Ball
2-1: Ball
3-1: Ground out U3 (Groundball, 3S)
Diego Rodríguez to second
Pitching: RHP José Vargo
Batting: RHB Lenny Roper 0-0: Called Strike
0-1: Ball
1-1: Called Strike
1-2: Foul Ball, location: 2F
1-2: Foul Ball, location: 2F
1-2: Strikes out swinging
Top of the 6th over - 0 run(s), 1 hit(s), 0 error(s), 1 left on base; Yakima 1 - Salem 2
BOTTOM OF THE 6TH
Salem Misfits batting - Pitching for Yakima Hops : LHP Emílio Mavarro
Batting: RHB Santiago Mosca 0-0: Called Strike
0-1: Ball
1-1: Foul Ball, location: 2F
1-2: Fly out, F8 (Flyball, 8LD)
Batting: RHB Gonzalo Ángel 0-0: Foul Ball, location: 2F
0-1: Foul Ball, location: 2F
0-2: Strikes out swinging
Batting: LHB David Breitling 0-0: Called Strike
0-1: Ball
1-1: DOUBLE (Line Drive, 9LM)
Batting: LHB Ignacio Medine 0-0: Ball
1-0: Foul Ball, location: 2F
1-1: DOUBLE (Flyball, 89D)
David Breitling scores
Batting: LHB Brent van Schoonhoven 0-0: Foul Ball, location: 2F
0-1: Ball
1-1: Called Strike
1-2: Strikes out looking
Bottom of the 6th over - 1 run(s), 2 hit(s), 0 error(s), 1 left on base; Yakima 1 - Salem 3
TOP OF THE 7TH
Yakima Hops batting - Pitching for Salem Misfits : RHP José Vargo
Batting: RHB Jack Head 0-0: Foul Ball, location: 2F
0-1: Ball
1-1: Ball
2-1: Ball
3-1: Base on Balls
Batting: RHB Manuel Martínez 0-0: Foul Ball, location: 2F
0-1: Ball
1-1: Foul Ball, location: 2F
1-2: Fly out, F7 (Flyball, 7S)
Batting: SHB Domingo Luna 0-0: Swinging Strike
0-1: Ball
1-1: SINGLE (Line Drive, 9S)
Jack Head to second
Runner from 2nd tries for 3rd, SAFE, no throw
Batting: RHB Reginald Kalkman 0-0: Ball
1-0: Ball
2-0: Called Strike
2-1: Ball
3-1: Swinging Strike
3-2: Foul Ball, location: 2F
3-2: Foul Ball, location: 2F
3-2: Strikes out looking
Domingo Luna steals 2nd base
Batter strikes out.
Batting: LHB Bob Maher 0-0: Ball
1-0: Ground out 4-3 (Groundball, 4)
Top of the 7th over - 0 run(s), 1 hit(s), 0 error(s), 2 left on base; Yakima 1 - Salem 3
BOTTOM OF THE 7TH
Salem Misfits batting - Pitching for Yakima Hops : LHP Emílio Mavarro
Batting: LHB Jorge García 0-0: Ball
1-0: Called Strike
1-1: Called Strike
1-2: Strikes out swinging
Batting: RHB Ramón Ávila 0-0: SINGLE (Groundball, 56D)
Batting: RHB Jorge Ramos 0-0: Foul Ball, location: 2F
0-1: Ball
1-1: Foul Ball, location: 2F
1-2: Foul Ball, location: 2F
1-2: Ball
2-2: Foul Ball, location: 2F
2-2: Foul Ball, location: 2F
2-2: Ball
3-2: Fly out, F6 (Line Drive, 6MD)
Pitching: LHP José Castaneda
Batting: RHB Jim Unknown 0-0: Ball
1-0: Ball
2-0: Ball
3-0: Called Strike
3-1: Called Strike
3-2: Foul Ball, location: 2F
3-2: Base on Balls
Ramón Ávila to second
Batting: RHB Santiago Mosca 0-0: Called Strike
0-1: SINGLE (Line Drive, 89M)
Ramón Ávila to third
Jim Unknown to second
Batting: RHB Gonzalo Ángel 0-0: Ball
1-0: Called Strike
1-1: Fielders Choice at 2nd, 5-4 (Groundball, 56)
Bottom of the 7th over - 0 run(s), 2 hit(s), 0 error(s), 2 left on base; Yakima 1 - Salem 3
TOP OF THE 8TH
Yakima Hops batting - Pitching for Salem Misfits : RHP José Vargo
Batting: SHB Joaquín Reyes 0-0: Foul Ball, location: 2F
0-1: Foul Ball, location: 2F
0-2: Foul Ball, location: 2F
0-2: Ground out 1-3 (Groundball, 15S)
Batting: RHB Diego Rodríguez 0-0: Fly out, F4 (Popup, 34D)
Batting: LHB Enrique Vásquez 0-0: Ball
1-0: Ball
2-0: Ball
3-0: Called Strike
3-1: Base on Balls
Batting: RHB Lenny Roper 0-0: Called Strike
0-1: Ball
1-1: Ball
2-1: Ground out 5-3 (Groundball, 56S)
Top of the 8th over - 0 run(s), 0 hit(s), 0 error(s), 1 left on base; Yakima 1 - Salem 3
BOTTOM OF THE 8TH
Salem Misfits batting - Pitching for Yakima Hops : LHP José Castaneda
Batting: LHB David Breitling 0-0: Ball
1-0: Called Strike
1-1: Swinging Strike
1-2: Ball
2-2: Ground out 6-3 (Groundball, 6MS)
Batting: LHB Ignacio Medine 0-0: Foul Ball, location: 2F
0-1: Ball
1-1: Ground out 4-3 (Groundball, 34)
Batting: LHB Brent van Schoonhoven 0-0: Ball
1-0: SINGLE (Flyball, 4MD)
Batting: LHB Jorge García 0-0: Fly out, F7 (Flyball, 7S)
Bottom of the 8th over - 0 run(s), 1 hit(s), 0 error(s), 1 left on base; Yakima 1 - Salem 3
TOP OF THE 9TH
Yakima Hops batting - Pitching for Salem Misfits : RHP José Vargo
Pitching: LHP Jorge Cedeño
Batting: RHB Jack Head 0-0: Ball
1-0: DOUBLE (Flyball, 78D)
Batting: RHB Manuel Martínez 0-0: Ball
1-0: Ball
2-0: Called Strike
2-1: Ground out 3-1 (Groundball, 34)
Jack Head to third
Pinch Hitting: RHB Chad Shafer 0-0: Ball
1-0: SINGLE (Groundball, 6D)
Jack Head scores
Batting: RHB Reginald Kalkman 0-0: Called Strike
0-1: Ball
Pickoff Throw to First - Out!
1-1: Foul Ball, location: 2F
1-2: Foul Ball, location: 2F
1-2: Ball
2-2: Foul Ball, location: 2F
2-2: Foul Ball, location: 2F
2-2: Ball
3-2: Foul Ball, location: 2F
3-2: Foul Ball, location: 2F
3-2: Foul Ball, location: 2F
3-2: Hit by Pitch
Pinch Hitting: RHB Juan García 0-0: Swinging Strike
0-1: Called Strike
0-2: Ball
1-2: SINGLE (Groundball, 6MD)
Reginald Kalkman to second
Runner from 2nd tries for 3rd, SAFE, throw made to third
Batting: SHB Joaquín Reyes 0-0: Fly out, F8 (Flyball, 8RD)
Top of the 9th over - 1 run(s), 3 hit(s), 0 error(s), 2 left on base; Yakima 2 - Salem 3
Monday, March 20th, 2017 - OOTP Baseball 17.12 Build 75